 Dungeon Crawl Stone Soup version 0.25-a0-576-g50b708a4c4 (webtiles) character file.

Game seed: 13741969761755485643, levelgen mode: deterministic

63 Flugslaktarn the Shield-Bearer (level 3, 0/34 HPs)
             Began as a Deep Dwarf Fighter on Mar 1, 2020.
             Slain by a river rat (4 damage)
             ... summoned by Eustachio
             ... on level 4 of the Dungeon.
             The game lasted 00:00:50 (967 turns).

Flugslaktarn the Shield-Bearer (Deep Dwarf Fighter)  Turns: 967, Time: 00:00:51

Health: 0/34       AC:  9    Str: 20      XL:     3   Next: 89%
Magic:  0/0        EV:  5    Int:  8      God:
Gold:   77         SH:  9    Dex: 10 (12) Spells: 2/2 levels left

rFire    . . .     SeeInvis .   a - +0 war axe
rCold    . . .     Gourm    .   c - +0 kite shield
rNeg     . . .     Faith    .   j - +0 chain mail
rPois    .         Spirit   .   (no helmet)
rElec    .         Reflect  .   (no cloak)
rCorr    .         Harm     .   (no gloves)
MR       .....                  (no boots)
Stlth    ..........             (no amulet)
HPRegen  0.00/turn              (no ring)
MPRegen  0.07/turn              (no ring)

@: non-regenerating
A: damage resistance, heal wounds, sense surroundings 1, no regeneration
a: Heal Wounds


You were on level 4 of the Dungeon.
You were hungry.

You visited 1 branch of the dungeon, and saw 4 of its levels.

You collected 77 gold pieces.

Inventory:

Hand Weapons
 a - a +0 war axe (weapon)
Armour
 b - a +0 scale mail
 c - a +0 kite shield (worn)
 j - a +0 chain mail (worn)
   (You found it on level 2 of the Dungeon)
Scrolls
 h - 4 scrolls of remove curse {unknown}
 l - a scroll of enchant armour {unknown}
 m - a scroll of blinking {unknown}
 n - a scroll of fog {unknown}
 o - a scroll of identify {unknown}
 p - a scroll of amnesia {unknown}
 q - 2 scrolls of teleportation {unknown}
Potions
 d - a potion of might
 f - a potion of stabbing {unknown}
 i - 2 potions of degeneration {unknown}
 k - 2 potions of curing
 r - a potion of heal wounds {unknown}
 s - a potion of magic {unknown}
Comestibles
 e - 3 rations


   Skills:
 + Level 3.0 Fighting
 * Level 3.4 Axes
 + Level 3.8 Armour
 + Level 3.8 Shields


You had 2 spell levels left.
You didn't know any spells.
Your spell library was empty.

Dungeon Overview and Level Annotations

Branches:
Dungeon (4/15)
 Temple: D:4-7

Altars:
Okawaru
Uskayaw

Annotations:
D:4 Eustachio


Innate Abilities, Weirdness & Mutations

You are resistant to damage.
You can heal yourself by infusing magical energy.
You passively map a small area around you.
You do not regenerate.


Message History

The bat barely misses you.
Eustachio casts a spell.
Eustachio blinks!
You block the river rat's attack. The white imp gestures at you.
The puff of frost hits you but does no damage.
The river rat bites you but does no damage.
You block the river rat's attack. The white imp hits you.
The white imp freezes you.
* * * LOW HITPOINT WARNING * * *
The white imp disappears in a puff of smoke!
The bat hits you but does no damage. The river rat bites you!
* * * LOW HITPOINT WARNING * * *
The river rat bites you but does no damage.
Eustachio screams, "This atrocity can only be purified with blood!"
Your chain mail prevents you from hitting the river rat.
The river rat is almost dead.
You hit the river rat. The bat hits you but does no damage.
The river rat bites you but does no damage.
The bat hits you but does no damage. The river rat bites you.
You die...

* , , ....# ,
#.....# *
#.....### , .
#......(..
..#######.........
,
#................,
,#................
#.....@r@.......,
, *
+.....rb§....#*
#......§.....# ,
*, #.......<....#
, #............# ,
, ########.....# *
, ,, #.....# ,
,,#.....# , * ,
#.....# ,


You could see Eustachio, 2 river rats and a bat.

Vanquished Creatures
  An adder (D:2)
  An ooze (D:2)
  2 dart slugs
  4 leopard geckos
  4 giant cockroaches
  4 goblins
  5 hobgoblins
  3 jackals (D:1)
  7 kobolds
  4 bats
  A frilled lizard (D:2)
  3 rats
39 creatures vanquished.

Notes
Turn   | Place    | Note
-------+----------+-------------------------------------------
     0 | D:1      | Flugslaktarn the Deep Dwarf Fighter began the quest for the
                  | Orb.
     0 | D:1      | Reached XP level 1. HP: 20/20 MP: 1/1
   118 | D:1      | Reached XP level 2. HP: 25/27 MP: 2/2
   300 | D:2      | Found an iron altar of Okawaru.
   314 | D:2      | Reached XP level 3. HP: 26/33 MP: 3/3
   642 | D:2      | Found a hide-covered altar of Uskayaw.
   645 | D:2      | Noticed a +0 hand axe
   645 | D:2      | Noticed a +0 dagger
   880 | D:4      | Noticed Eustachio
   967 | D:4      | Slain by a river rat

Levels and vault maps discovered:
D:1:      dpeg_chamrin_arrival_tetris, layout_rooms
D:2:      minmay_door_path, layout_basic, dancing_weapons_uskayaw,
          nicolae_overflow_crystal_walls, lemuel_crystal_altar, serial_glass,
          glass_columns_c, glass_columns_a, glass_columns_b, glass_columns_c,
          glass_columns_a
D:3:      layout_loops_ring, marbit_many_paths, uniq_crazy_yiuf_cottage,
          uniq_natasha
D:4:      black_bear_nest_1, layout_gridville, lemuel_doored_altar,
          vehumet_crystals, enter_ossuary_5, serial_shops, nicolae_shop_crystal,
          kennysheep_crisscross, nicolae_qazlal_general_emergency,
          uniq_eustachio

Skill      XL: |  1  2  3 |
---------------+----------+-----
Axes           | 3 |  3.4
Fighting       | 3 |  3.0
Armour         | |  3.8
Shields        | |  3.8

Action                   || total
-------------------------++-------
Melee: War axe           ||   194
 Abil: Heal Wounds       ||     8
Armor: Scale mail        ||    19
       Chain mail        ||   205
Dodge: Dodged            ||    90
Block: Kite shield       ||   194

Table legend:
 A = Non-vault XP
 B = Vault XP
 C = Vault XP percentage of total XP
 D = Non-vault monster count
 E = Vault monster count
 F = Vault count percentage of total count
                 A         B        C        D         E       F
            +---------+---------+-------+---------+---------+-------
      Total |      84 |       7 |   7.7 |      38 |       1 |   2.6
            +---------+---------+-------+---------+---------+-------
        D:1 |      27 |       0 |   0.0 |      13 |       0 |   0.0
        D:2 |      38 |       7 |  15.6 |      16 |       1 |   5.9
        D:3 |      19 |       0 |   0.0 |       9 |       0 |   0.0
            +---------+---------+-------+---------+---------+-------
